 Dungeon Crawl Stone Soup version 0.22.1-5-g62c59d9 (webtiles) character file.

25466 slartie the Fighter (level 12, -9/110 HPs)
             Began as a Minotaur Berserker on Jan 10, 2019.
             Was a High Priest of Trog.
             Mangled by a redback (10 damage)
             ... on level 1 of the Spider Nest.
             The game lasted 01:03:08 (14580 turns).

slartie the Fighter (Minotaur Berserker)           Turns: 14580, Time: 01:03:12

Health: -9/110     AC: 20    Str: 26    XL:     12   Next: 89%
Magic:  3/3        EV: 10    Int:  4    God:    Trog [*****.]
Gold:   501        SH:  0    Dex: 11    Spells: 11/11 levels left

rFire    + . .     SeeInvis .   a - +7 eveningstar (antimagic)
rCold    + . .     Gourm    .   F - +0 shield
rNeg     . . .     Faith    .   s - +0 plate armour
rPois    .         Spirit   .   (helmet unavailable)
rElec    .         Reflect  +   i - +1 cloak
rCorr    .         Harm     .   d - +0 pair of gloves
MR       .....                  U - +0 pair of boots
Stlth    ..........             o - +4 amulet of reflection
HPRegen  0.28/turn              v - ring of protection from cold
MPRegen  0.08/turn              Q - ring of protection from fire

@: confused, lethally poisoned (-9 -> -63)
A: retaliatory headbutt, horns 3, camouflage 1, MP-powered wands
a: Berserk, Trog's Hand, Brothers in Arms, Renounce Religion


You were on level 1 of the Spider Nest.
You worshipped Trog.
Trog was extremely pleased with you.
You were not hungry.

You visited 3 branches of the dungeon, and saw 16 of its levels.
You visited 1 bazaar.
You also visited: Sewer.

You collected 851 gold pieces.
You spent 350 gold pieces at shops.

Inventory:

Hand Weapons
 a - a +7 antimagic eveningstar (weapon)
 b - the +8 hunting sling of Spores {venom, Dex+2}
   (You found it on level 6 of the Dungeon)

   It poisons the ammo it fires.
   It affects your dexterity (+2).
 L - a +0 blowgun
 N - a +3 hunting sling of flaming
 X - a +4 war axe of freezing
Missiles
 m - 151 sling bullets
 p - a tomahawk of returning (quivered)
 u - 64 poisoned needles
 x - 7 curare-tipped needles
 y - 13 tomahawks
Armour
 d - a +0 pair of gloves (worn)
 i - a +1 cloak (worn)
 s - a +0 plate armour (worn)
 F - a +0 shield (worn)
 H - a +2 ring mail of poison resistance
 U - a +0 pair of boots (worn)
Jewellery
 o - a +4 amulet of reflection (around neck)
 r - an uncursed amulet of guardian spirit
 v - a ring of protection from cold (left hand)
 J - an uncursed ring of fire
 M - a +5 ring of strength {unknown}
 Q - a ring of protection from fire (right hand)
 T - an uncursed amulet of faith
 Z - a +6 ring of dexterity {unknown}
Wands
 f - a wand of acid (6)
 l - a wand of clouds (6)
 n - a wand of disintegration (12)
 q - a wand of paralysis (8)
 K - a wand of polymorph (5)
 O - a wand of flame (23)
 W - a wand of random effects (33)
 Y - a wand of iceblast (6)
Scrolls
 e - 6 scrolls of remove curse
 g - 13 scrolls of teleportation
 j - 3 scrolls of blinking
 B - 3 scrolls of fog
 D - 5 scrolls of enchant armour
 E - a scroll of magic mapping
 R - a scroll of amnesia {unknown}
 V - a scroll of immolation {unknown}
Potions
 h - a potion of resistance
 k - a potion of cancellation
 t - a potion of flight
 w - 2 potions of magic
 z - 2 potions of agility
 A - 2 potions of brilliance
 C - 3 potions of might
 G - 8 potions of curing
 I - 3 potions of haste
 P - a potion of invisibility
 S - 3 potions of heal wounds
Comestibles
 c - 28 rations


   Skills:
 + Level 11.6 Fighting
 - Level 9.7(11.4) Axes
 + Level 9.9(11.5) Maces & Flails
 + Level 9.2(9.6) Slings
 - Level 3.6(6.5) Throwing
 - Level 11.1 Armour
 - Level 9.4 Dodging
 + Level 7.3 Shields


You had 11 spell levels left.
You didn't know any spells.
Your spell library was empty.

Dungeon Overview and Level Annotations

Branches:
Dungeon (12/15)            Temple (0/1) D:5            Lair (3/6) D:8
 Spider (1/4) Lair:3          Orc (0/2) D:12
  Swamp: Lair:2-4    Shoals: Lair:2-4

Altars:
Ashenzari
Cheibriados
Dithmenos
Elyvilon
Fedhas
Kikubaaqudgha
Okawaru
Qazlal
Ru
Sif Muna
Uskayaw
Wu Jian
Zin
The Shining One

Shops:
D:5 *   D:9 (


Innate Abilities, Weirdness & Mutations

You reflexively headbutt those who attack you in melee.
You have a pair of large horns on your head.
Your skin changes colour to match your surroundings (Stealth+).
You expend magic power (3 MP) to strengthen your wands.


Message History

There is a crawl-hole back to the Lair here.
You feel sick. You block the redback's attack. The tarantella bites you.
* * * LOW HITPOINT WARNING * * *
You are confused.
In your confused state, you trip and fall back down the stairs.
* * * LOW HITPOINT WARNING * * *
You feel sick. The redback misses you. The tarantella bites you.
* * * LOW HITPOINT WARNING * * *
The tarantella bites you but does no damage.
The jumping spider leaps!
The redback bites you!
* * * LOW HITPOINT WARNING * * *
You are lethally poisoned!
The redback poisons you!
A redback comes into view.
The tarantella bites you but does no damage.
The redback bites you but does no damage.
The tarantella bites you!
* * * LOW HITPOINT WARNING * * *
The redback bites you!
You die...

...###
$.... .
.....
....# ..
....#^...
...
....#..
..#. .....
.#... ...#
#.....#s.#
......s@s#
#......ss#
#..^...^s#
###..####.
#.# ss ##
s.# ##


You could see a jumping spider, 2 tarantellas and 6 redbacks.

Vanquished Creatures
  Josephine (D:11)
  Erolcha (D:9)
  A hydra (Lair:3)
  Erica (D:11)
  2 two-headed ogres
  3 skeletal warriors (D:12)
  2 unseen horrors (D:12)
  2 wolf spiders (Lair:3)
  A manticore (D:11)
  3 ugly things
  A black mamba (Lair:3)
  2 komodo dragons (Lair:2)
  A kobold demonologist (D:12)
  A yaktaur (D:11)
  3 trolls
  3 hippogriffs
  A spriggan (D:7)
  Sigmund (D:6)
  A redback (Lair:3)
  19 yaks
  A wyvern (D:8)
  3 basilisks
  4 wraiths
  Menkaure (D:6)
  4 hungry ghosts
  An acid dragon (D:12)
  4 water moccasins
  7 porcupines
  7 orc warriors
  2 sky beasts
  3 necrophages (D:7)
  2 ice beasts
  6 phantoms
  2 black bears
  4 ogres
  6 wolves (Lair:1)
  3 centaurs
  7 crocodiles
  6 bullfrogs
  A big kobold (D:12)
  A wyvern zombie (D:6)
  6 killer bees (D:11)
  2 scorpions
  2 troll zombies (D:12)
  5 wights (D:10)
  An electric eel (D:10)
  2 howler monkeys
  8 crimson imps
  3 bullfrog zombies
  A centaur zombie (D:10)
  A quasit (D:5)
  9 orc priests
  6 orc wizards
  10 hounds
  Crazy Yiuf (D:6)
  2 centaur skeletons
  3 jellies
  A bullfrog skeleton (D:5)
  A gnoll shaman (D:8)
  2 iguanas
  Ijyb (D:5)
  Terence (D:2)
  Natasha (twice) (D:4)
  16 worker ants
  A killer bee zombie (D:7)
  6 ogre zombies (D:12)
  4 hound zombies
  2 howler monkey zombies
  Robin (D:2)
  A howler monkey skeleton (D:4)
  22 adders
  5 river rats
  2 shadow imps (D:12)
  2 adder skeletons
  An adder zombie (D:7)
  5 worms (D:4)
  3 dart slugs
  2 leopard geckos
  43 orcs
  A ball python (Sewer)
  2 bat zombies (D:7)
  3 giant cockroaches
  15 goblins
  8 hobgoblins
  9 jackals
  2 quokkas
  3 bats
  9 frilled lizards
  A giant cockroach zombie (D:6)
  A goblin skeleton (D:12)
  5 goblin zombies (D:12)
  3 hobgoblin zombies (D:12)
  11 kobolds
  A leopard gecko zombie (D:6)
  2 orc skeletons (D:12)
  14 orc zombies (D:12)
  14 rats
  A rat zombie (D:7)
  A bush (D:7)
417 creatures vanquished.

Vanquished Creatures (others)
  A cyclops (D:12)
  A ball python (D:5)
  A bush (D:7)
  3 fungi (D:8)
  12 plants
18 creatures vanquished.

Grand Total: 435 creatures vanquished

Notes
Turn   | Place    | Note
-------+----------+-------------------------------------------
     0 | D:1      | slartie the Minotaur Berserker began the quest for the Orb.
     0 | D:1      | Reached XP level 1. HP: 19/19 MP: 0/0
   246 | D:1      | Reached XP level 2. HP: 26/27 MP: 1/1
   796 | D:2      | Noticed Terence
   808 | D:2      | Killed Terence
   808 | D:2      | Reached XP level 3. HP: 24/33 MP: 2/2
   898 | D:2      | Noticed Robin
   913 | D:2      | Killed Robin
   913 | D:2      | Reached XP level 4. HP: 21/41 MP: 3/3
   918 | D:2      | Reached ** piety under Trog
  1077 | D:2      | Found a stormy altar of Qazlal.
  1136 | D:2      | Found an ornate altar of the Wu Jian Council.
  1593 | D:3      | Reached skill level 5 in Axes
  2156 | D:4      | Reached skill level 1 in Throwing
  2156 | D:4      | Reached XP level 5. HP: 47/47 MP: 4/4
  2192 | D:4      | Noticed an ogre
  2199 | D:4      | Killed an ogre
  2252 | D:4      | Reached *** piety under Trog
  2254 | D:4      | Noticed an ogre
  2264 | D:4      | Killed an ogre
  2264 | D:4      | Reached XP level 6. HP: 53/53 MP: 5/5
  2350 | D:4      | Reached skill level 1 in Shields
  2556 | D:4      | Found a glowing drain.
  2563 | Sewer    | Entered a sewer
  3221 | D:4      | Noticed Natasha
  3223 | D:4      | Killed Natasha
  3223 | D:4      | Reached XP level 7. HP: 60/60 MP: 6/6
  3254 | D:4      | Noticed Natasha
  3261 | D:4      | Killed Natasha
  3400 | D:5      | Entered Level 5 of the Dungeon
  3463 | D:5      | Found a deep blue altar of Sif Muna.
  3523 | D:5      | Reached skill level 5 in Fighting
  3669 | D:5      | Found a staircase to the Ecumenical Temple.
  3760 | D:5      | Found Ykkeodgh's Assorted Antiques.
  3782 | D:5      | Gained mutation: Your skin changes colour to match your
                  | surroundings (Stealth+). [potion of mutation]
  3782 | D:5      | Gained mutation: You expend magic power (3 MP) to
                  | strengthen your wands. [potion of mutation]
  3782 | D:5      | Gained mutation: You have a pair of large horns on your
                  | head. [potion of mutation]
  4104 | D:5      | Reached skill level 5 in Armour
  4139 | D:5      | Reached **** piety under Trog
  4243 | D:5      | Reached XP level 8. HP: 69/69 MP: 7/7
  4366 | D:5      | Found a glowing golden altar of the Shining One.
  4366 | D:5      | Noticed Ijyb
  4372 | D:5      | Paralysed by Ijyb for 3 turns
  4379 | D:5      | Killed Ijyb
  4892 | D:6      | Noticed Sigmund
  4909 | D:6      | Killed Sigmund
  4938 | D:6      | Got a steaming hunting sling
  4941 | D:6      | Identified the +8 hunting sling of Spores {venom, Dex+2}
                  | (You found it on level 6 of the Dungeon)
  5130 | D:6      | Noticed Menkaure
  5140 | D:6      | Killed Menkaure
  5140 | D:6      | Reached XP level 9. HP: 40/75 MP: 8/8
  5166 | D:6      | Found a hide-covered altar of Uskayaw.
  5339 | D:6      | Found a runed door.
  5343 | D:6      | Noticed Crazy Yiuf
  5347 | D:6      | Killed Crazy Yiuf
  5483 | D:7      | Reached ***** piety under Trog
  5576 | D:7      | Reached skill level 1 in Slings
  5757 | D:7      | Reached skill level 5 in Shields
  5999 | D:7      | Reached skill level 1 in Maces & Flails
  6025 | D:7      | Found an ancient bone altar of Kikubaaqudgha.
  6614 | D:7      | Found a blossoming altar of Fedhas.
  6765 | D:7      | Found a snail-covered altar of Cheibriados.
  6773 | D:7      | Found a glowing silver altar of Zin.
  6776 | D:7      | Found an iron altar of Okawaru.
  6788 | D:7      | Found a sacrificial altar of Ru.
  6958 | D:7      | Reached skill level 5 in Dodging
  7306 | D:7      | Received a gift from Trog
  7496 | D:8      | Reached XP level 10. HP: 19/86 MP: 3/9
  7812 | D:8      | Found a staircase to the Lair.
  8156 | D:8      | Found a shadowy altar of Dithmenos.
  8161 | D:8      | Found a white marble altar of Elyvilon.
  8507 | D:8      | Found a shattered altar of Ashenzari.
  8710 | D:8      | Reached skill level 5 in Maces & Flails
  8935 | D:8      | Reached skill level 5 in Slings
  9045 | D:9      | Noticed Erolcha
  9062 | D:9      | Killed Erolcha
  9508 | D:9      | Noticed a two-headed ogre
  9518 | D:9      | Killed a two-headed ogre
  9556 | D:9      | Reached XP level 11. HP: 64/97 MP: 3/10
  9689 | D:9      | Found Bucot's Weapon Shop.
  9705 | D:9      | Bought 17 sling bullets for 119 gold pieces
  9849 | D:10     | Entered Level 10 of the Dungeon
 10618 | D:11     | Noticed a purple ugly thing
 10623 | D:11     | Killed a purple ugly thing
 10641 | D:11     | Found a flickering gateway to a bazaar.
 10650 | Bazaar   | Entered a bazaar
 10662 | Bazaar   | Found Vot Woalet's Antique Weapon Emporium.
 10666 | Bazaar   | Found Mumekhotz's Distillery.
 10676 | Bazaar   | Bought a potion of heal wounds for 35 gold pieces
 10676 | Bazaar   | Bought a potion of curing for 21 gold pieces
 10676 | Bazaar   | Bought a potion of resistance for 70 gold pieces
 10676 | Bazaar   | Bought a potion of agility for 28 gold pieces
 10676 | Bazaar   | Bought a potion of curing for 21 gold pieces
 10676 | Bazaar   | Bought a potion of lignification for 21 gold pieces
 10676 | Bazaar   | Bought a potion of heal wounds for 35 gold pieces
 10676 | Bazaar   | Found Matyp's Gadget Shoppe.
 10682 | Bazaar   | Found Cutotirgh's Book Shoppe.
 10689 | Bazaar   | Found Cale's Food Shoppe.
 10737 | D:11     | Noticed Erica
 10755 | D:11     | Killed Erica
 10803 | D:11     | Noticed a red ugly thing
 10805 | D:11     | Noticed a two-headed ogre
 10810 | D:11     | Killed a red ugly thing
 10820 | D:11     | Killed a two-headed ogre
 10820 | D:11     | Reached skill level 10 in Armour
 10853 | D:11     | Received a gift from Trog
 10923 | D:11     | Reached skill level 10 in Fighting
 11096 | D:11     | Noticed Josephine
 11112 | D:11     | Killed Josephine
 11561 | D:12     | Received a gift from Trog
 11646 | D:12     | Noticed a skeletal warrior
 11646 | D:12     | Noticed a skeletal warrior
 11655 | D:12     | Killed a skeletal warrior
 11656 | D:12     | Noticed a skeletal warrior
 11667 | D:12     | Killed a skeletal warrior
 11667 | D:12     | Reached XP level 12. HP: 90/107 MP: 3/11
 11964 | D:12     | Found a staircase to the Orcish Mines.
 12057 | D:12     | Received a gift from Trog
 12712 | Lair:1   | Entered Level 1 of the Lair of Beasts
 14198 | Lair:3   | Noticed a seven-headed hydra
 14207 | Lair:3   | Killed a seven-headed hydra
 14536 | Lair:3   | Found a hole to the Spider Nest.
 14578 | Spider:1 | Entered Level 1 of the Spider Nest
 14580 | Spider:1 | HP: 1/110 [tarantella (10)]
 14580 | Spider:1 | Mangled by a redback

Skill      XL: |  1  2  3  4  5  6  7  8  9 10 11 12 |
---------------+-------------------------------------+-----
Axes           | 4 5 6 8 9 |  9.7
Fighting       | 4 5 6 7 9 10 11 | 11.6
Armour         | 3 4 5 6 7 9 10 11 | 11.1
Throwing       | 1 2 3 |  3.6
Dodging        | 3 4 5 7 8 9 |  9.4
Shields        | 1 4 5 7 |  7.3
Slings         | 3 5 7 9 |  9.2
Maces & Flails | 3 6 8 9 |  9.9

Action                   |  1- 3 |  4- 6 |  7- 9 | 10-12 || total
-------------------------+-------+-------+-------+-------++-------
Melee: Hand axe          |    54 |   200 |   191 |       ||   445
       Headbutt          |     8 |    27 |    87 |   104 ||   226
       War axe           |       |       |    17 |       ||    17
       Mace              |       |       |   167 |       ||   167
       Eveningstar       |       |       |    15 |   531 ||   546
 Fire: Hunting sling     |       |       |    12 |    43 ||    55
Throw: Stone             |    20 |    62 |     3 |       ||    85
       Tomahawk          |       |    17 |    10 |    97 ||   124
Invok: Berserk           |       |     1 |     2 |       ||     3
  Use: Potion            |       |       |     7 |       ||     7
       Scroll            |       |       |     7 |    14 ||    21
 Stab: Distracted        |     1 |       |       |     1 ||     2
       Invisible         |       |       |     1 |       ||     1
       Sleeping          |       |       |     1 |     1 ||     2
  Eat: Chunk             |       |     8 |    13 |    12 ||    33
       Ration            |       |       |     1 |     4 ||     5
Armor: Ring mail         |    16 |       |    56 |    51 ||   123
       Scale mail        |     6 |    77 |    47 |       ||   130
       Plate armour      |       |       |       |   128 ||   128
Dodge: Dodged            |    29 |    89 |   107 |   138 ||   363
Block: Buckler           |       |    26 |     8 |       ||    34
       Shield            |       |       |   153 |   335 ||   488
       Reflection        |       |       |       |    11 ||    11
